 Dungeon Crawl Stone Soup version 0.28.0-53-g5a82cb258f (webtiles) character file.

Game seed: 16588745378517726949

2092 pkoi the Grappler (level 8, -6/62 HPs)
             Began as a Demigod Fighter on June 6, 2022.
             Mangled by a hobgoblin
             ... wielding a +0 hand axe
              (8 damage)
             ... in a bailey.
             The game lasted 00:11:41 (8575 turns).

pkoi the Grappler (Demigod Fighter)                 Turns: 8575, Time: 00:11:42

Health: -6/62      AC: 18    Str: 17    XL:     8   Next: 79%
Magic:  24/24      EV:  9    Int: 23    God:
Gold:   241        SH:  6    Dex: 13    Spells: 9/13 levels left

rFire   . . .      SeeInvis .   C - +2 dagger (venom)
rCold   . . .      Faith    .   b - +1 buckler
rNeg    . . .      Spirit   .   o - +5 scale mail "Wuangyac" {MP+9 Int+5}
rPois   .          Reflect  .   s - +0 helmet
rElec   .          Harm     .   (no cloak)
rCorr   .          Rampage  .   (no gloves)
Will    .....                   G - +0 pair of boots
Stlth   ..........              n - amulet of the acrobat
HPRegen 0.20/turn               l - +4 ring of slaying
MPRegen 0.19/turn               J - +4 ring of protection

@: no status effects
A: high MP 1, forlorn, divine attributes
a: no special abilities


You were in a bailey.
You visited 1 branch of the dungeon, and saw 8 of its levels.
You also visited: Bailey.

You collected 241 gold pieces.

Inventory:

Hand Weapons
 d - a +0 dagger
 f - a +0 dagger of speed
 B - the +8 short sword of Hualim Narch {vorpal, rF- Dex+6}
   (You found it on level 5 of the Dungeon)

   It inflicts extra damage upon your enemies.
   Dex:       It affects your dexterity (+6).
   rF:        It makes you vulnerable to fire.
 C - a +2 dagger of venom (weapon)
Missiles
 m - 11 poisoned darts
Armour
 a - a +0 scale mail
 b - a +1 buckler (worn)
 o - the +5 scale mail "Wuangyac" (worn) {MP+9 Int+5}
   (You found it on level 3 of the Dungeon)

   Int:       It affects your intelligence (+5).
   MP:        It affects your magic capacity (+9).
 s - a +0 helmet (worn)
 G - a +0 pair of boots (worn)
Jewellery
 h - a +6 ring of strength
 l - a +4 ring of slaying (left hand)
 n - an amulet of the acrobat (around neck)
 r - a ring of positive energy
 u - a ring of magical power
 y - a ring of wizardry
 E - a +6 ring of dexterity
 J - a +4 ring of protection (right hand)
Wands
 x - a wand of iceblast (4)
 F - a wand of flame (7)
Scrolls
 j - 3 scrolls of teleportation
 p - a scroll of fog
 w - 2 scrolls of identify
 D - a scroll of blinking
 I - a scroll of acquirement
 K - a scroll of enchant armour
Potions
 c - a potion of might
 e - 4 potions of heal wounds {unknown}
 g - a potion of ambrosia
 i - 3 potions of curing
 k - 2 potions of brilliance
 q - a potion of attraction {unknown}
 t - 2 potions of magic {unknown}
 v - a potion of flight {unknown}
 z - a potion of mutation {unknown}
 A - 2 potions of haste {unknown}


   Skills:
 - Level 2.6 Fighting
 + Level 5.1 Armour
 - Level 4.0 Shields
 * Level 8.3 Unarmed Combat
 - Level 3.0 Spellcasting
 + Level 3.2 Conjurations


You had 9 spell levels left.
You knew the following spells:

 Your Spells              Type           Power      Damage    Failure   Level
a - Magic Dart            Conj           72%        1d6       13%         1
b - Ignite Poison         Fire/Tmut/Pois 3%         N/A       80%         3

Your spell library contained the following spells:

 Spells                   Type           Power      Damage    Failure   Level
 Call Imp                 Summ           3%         N/A       56%         2
 Ensorcelled Hibernation  Hex/Ice        6%         N/A       56%         2
 Conjure Flame            Conj/Fire      10%        6-21      58%         3
 Mephitic Cloud           Conj/Pois/Air  8%         N/A       67%         3
 Spider Form              Tmut/Pois      3%         N/A       80%         3
 Sticky Flame             Conj/Fire      10%        2d3       94%         4
 Anguish                  Hex/Necr       1%         N/A       99%         4


Dungeon Overview and Level Annotations

Branches:
Dungeon (8/15)             Temple (0/1) D:6          Bailey (1/1)
   Lair: D:8-11


Innate Abilities, Weirdness & Mutations

You have an increased reservoir of magic. (+10% MP)
You shall have no god before yourself.
Your divine heritage dramatically boosts your attributes as you level up.


Message History

Unknown command.
You hit the orc warrior but do no damage.
The orc warrior is poisoned.
The orc warrior is heavily wounded.
The orc warrior hits you but does no damage.
You block the orc warrior's attack. The orc warrior barely misses you.
Unknown command.
The orc warrior looks more healthy.
The orc warrior hits you with a +0 broad axe!
* * * LOW HITPOINT WARNING * * *
Casting: Magic Dart (safe; 13% risk of failure)
Confirm with . or Enter, or press ? or * to list all spells.
Okay, then.
Unknown command.
Things that are here:
a +0 hand axe; a +0 leather armour; an orc corpse
Items here: )) [[ †.
There is an open door here.
You barely miss the orc warrior.
The orc warrior is almost dead.
The orc warrior looks more healthy.
A hobgoblin comes into view. It is wielding a +0 hand axe.
You barely miss the orc warrior.
The orc warrior is almost dead.
The orc warrior hits you with a +0 broad axe.
* * * LOW HITPOINT WARNING * * *
You hit the orc warrior but do no damage.
The orc warrior looks even sicker.
The orc warrior is almost dead.
You kill the orc warrior!
Training target 3.0 for Spellcasting reached!
Your Spellcasting skill increases to level 3!
Unknown command.
Items here: ))) [[[.
You hit the hobgoblin.
The hobgoblin is poisoned.
The hobgoblin is heavily wounded.
The orc warrior hits you with a +4 war axe.
* * * LOW HITPOINT WARNING * * *
The hobgoblin hits you with a +0 hand axe!
You die...

###.....###
##.........##
#...........#
#...........'
#.....⌠.....#
#...........#
#....g......# ♣♣♣♣
###.)o@.....# .♣.♣♣♣
###.#'#o....###
.....♣###..)).###.###
.....##....)....###
.....#.....).....#
.....'....)......#
∩.∩..'.....⌠.....#
.....'...........#
...).#...........#


You could see 2 orc warriors and a hobgoblin (very poisoned).

Vanquished Creatures
  Maggie (D:7)
  An acid dragon (D:5)
  An orc warrior (Bailey)
  An ice beast (D:6)
  A black bear (D:6)
  An ogre (D:4)
  A necrophage (D:6)
  A centaur (D:8)
  A kobold brigand (D:7)
  2 bullfrogs (D:6)
  2 scorpions (D:6)
  A water moccasin zombie (D:5)
  A wyvern skeleton (D:7)
  4 bullfrog zombies (D:5)
  A centaur zombie (D:5)
  An orc priest (D:6)
  A hound (D:4)
  A bullfrog skeleton (D:6)
  A gnoll shaman (D:4)
  2 iguanas
  6 orc wizards
  Ijyb (D:5)
  A hound skeleton (D:3)
  5 gnolls
  A howler monkey skeleton (D:7)
  5 adders
  A shadow imp (D:6)
  2 white imps (D:4)
  An adder zombie (D:5)
  An adder skeleton (D:4)
  3 worms
  2 dart slugs
  19 orcs
  2 bats
  6 endoplasms
  3 giant cockroaches
  14 goblins
  6 hobgoblins
  3 jackals (D:1)
  7 kobolds
  2 quokkas
  A ball python (D:3)
  4 frilled lizards
  2 rats
124 creatures vanquished.

Notes
Turn   | Place    | Note
-------+----------+-------------------------------------------
     0 | D:1      | pkoi the Demigod Fighter began the quest for the Orb.
     0 | D:1      | Reached XP level 1. HP: 18/18 MP: 3/3
    61 | D:1      | Reached skill level 2 in Unarmed Combat
   177 | D:1      | Reached XP level 2. HP: 23/25 MP: 4/4
   615 | D:1      | Reached skill level 3 in Unarmed Combat
  1746 | D:2      | Reached XP level 3. HP: 28/30 MP: 5/5
  2029 | D:3      | Identified the +5 scale mail "Wuangyac" {MP+9 Int+5}
  2794 | D:4      | Noticed an ogre
  2976 | D:4      | Reached skill level 4 in Unarmed Combat
  2976 | D:4      | Reached XP level 4. HP: 25/37 MP: 6/6
  3258 | D:4      | Killed an ogre
  3259 | D:4      | Reached XP level 5. HP: 17/42 MP: 7/7
  3854 | D:4      | Reached skill level 5 in Unarmed Combat
  4601 | D:5      | Entered Level 5 of the Dungeon
  4626 | D:5      | Reached XP level 6. HP: 36/50 MP: 8/8
  4635 | D:5      | Learned a level 1 spell: Magic Dart
  4729 | D:5      | Noticed Ijyb
  4921 | D:5      | Killed Ijyb
  4930 | D:5      | Noticed an acid dragon
  5657 | D:5      | Killed an acid dragon
  5692 | D:5      | Reached skill level 6 in Unarmed Combat
  5698 | D:5      | Reached skill level 1 in Spellcasting
  5698 | D:5      | Reached skill level 1 in Conjurations
  5755 | D:5      | Identified the +8 short sword of Hualim Narch {vorpal, rF-
                  | Dex+6}
  5809 | D:5      | Reached XP level 7. HP: 52/56 MP: 11/11
  6127 | D:6      | Found a staircase to the Ecumenical Temple.
  6549 | D:6      | Reached skill level 7 in Unarmed Combat
  6657 | D:6      | Reached XP level 8. HP: 60/62 MP: 14/14
  8000 | D:7      | Noticed Maggie
  8018 | D:7      | Killed Maggie
  8019 | D:7      | Reached skill level 8 in Unarmed Combat
  8338 | D:8      | Identified a scroll of acquirement
  8346 | D:8      | Reached skill level 5 in Armour
  8400 | D:8      | Identified the +1 robe "Daucwajo" {-Tele rElec Dex+7}
  8445 | D:8      | Found a flagged portal.
  8465 | Bailey   | Entered a bailey
  8496 | Bailey   | Learned a level 3 spell: Ignite Poison
  8575 | Bailey   | HP: 2/62 [orc warrior/+4 war axe (6)]
  8575 | Bailey   | Mangled by a hobgoblin

Illustrated notes

Levels and vault maps discovered:
D:1:      beargit_arrival_greenhouse, layout_basic
D:2:      layout_basic, shapermc_ecumenical_altar_totnotflames,
          minmay_strange_pillars, minmay_liquid_box, grunt_ministairs_13,
          kennysheep_cross_bottleneck, kennysheep_generic_room_9
D:3:      layout_loops_ring, minmay_misc_feat_ornament,
          kennysheep_generic_room_13
D:4:      layout_basic
D:5:      layout_gridville, nicolae_yredelemnul_corpse_copse, uniq_ijyb
D:6:      layout_loops_ring, mainiacjoe_overflow_alcove_1,
          minmay_temple_entry_mist
D:7:      layout_loops_ring, uniq_maggie
D:8:      layout_loops_corners, gammafunk_ghost_split, enter_bailey_2,
          minmay_splitting_lines, uniq_erica
Bailey:   bailey_axe_minmay_hex_keep, bailey

Skill      XL: |  1  2  3  4  5  6  7  8 |
---------------+-------------------------+-----
Unarmed Combat | 2 3 4 5 6 7 8 |  8.3
Shields        | 3 4 |  4.0
Armour         | 3 4 5 |  5.1
Spellcasting   | 1 2 3 |  3.0
Conjurations   | 1 2 3 |  3.2
Fighting       | |  2.6

Action                   |  1- 3 |  4- 6 |  7- 9 || total
-------------------------+-------+-------+-------++-------
Melee: Unarmed           |   147 |   120 |    10 ||   277
       Short sword       |       |     6 |   140 ||   146
       Dagger            |       |       |    17 ||    17
Throw: Dart              |       |       |     1 ||     1
 Cast: Magic Dart        |       |       |     8 ||     8
Evoke: Wand              |       |     3 |     1 ||     4
  Use: Scroll            |     8 |       |     5 ||    13
Armor: Scale mail        |    51 |    55 |    65 ||   171
Dodge: Dodged            |    39 |    63 |    70 ||   172
Block: Buckler           |    29 |    32 |    46 ||   107
